Construct Light Support Kompanie
Selects Defensive Operations
Selects Defensive Operations
Panzerjäger Mechanized Group
Pak 38 Anti-tank Gun Team
Construct Mechanized Kompanie
Panzerjäger Mechanized Group
Selects L6/40 Light Tank Combat Group
Selects Towed Cannone da 105/28 Field Howitzer
Marder III Tank Destroyer
Towed Cannone da 105/28 Field Howitzer
Marder III Tank Destroyer
Construct Panzerarmee Kommand